Map: Lost and Found LE

Players

Qolt

  • Race: Terran Terran
  • League: Master
  • Spawn Location: 7:00

Livibee - Winner!

  • Race: Zerg Zerg
  • League: Master
  • Spawn Location: 1:00

VOD

Have the link to the VOD?

Description

Time

  • Played on: Nov. 11, 2018, 1:17 a.m.
  • Length: 39:55
Show
View Real Time Build Order
Export as new Build Order

Qolt Terran 

Build Orders: Gas First Reaper Expand, Reaper Expand, Hellion Banshee 

Get SALT Encoding   

  12  0:00  SCV  
  13  0:12  SCV  
  14  0:17  Supply Depot  
  14  0:24  SCV  
  15  0:28  Refinery  
  15  0:39  SCV  
  16  0:44  Barracks  
  16  0:51  SCV  
  17  1:04  SCV  
  18  1:16  SCV  
  19  1:30  Orbital Command  
  19  1:31  Reaper  
  20  1:43  Command Center  
  20  1:54  Factory  
  20  2:00  SCV  
  21  2:03  Marine  
  22  2:12  SCV  
  22  2:13  Supply Depot  
  23  2:21  Barracks Reactor  
  23  2:22  Refinery  
  23  2:35  SCV  
  24  2:47  SCV  
  25  2:56  Orbital Command  
  25  2:59  Starport, SCV  
  25  3:03  Barracks Tech Lab  
  25  3:04  Hellion x2  
  30  3:11  SCV  
  31  3:16  Supply Depot  
  31  3:26  Hellion x2  
  35  3:34  SCV x2  
  37  3:41  Supply Depot  
  37  3:46  SCV  
  37  3:47  SCV  
  38  3:53  Cloaking Field, Hellion x2  
  42  3:58  Banshee  
  42  4:01  SCV  
  46  4:07  SCV  
  47  4:11  Supply Depot  
  47  4:14  SCV  
  48  4:23  SCV  
  49  4:24  Factory Tech Lab  
  49  4:26  Marine x2, SCV  
  52  4:35  SCV  
  53  4:40  Banshee  
  53  4:42  Command Center  
  56  4:46  SCV  
  56  4:47  SCV  
  56  4:49  Marine x2  
  56  4:51  Siege Tank  
  63  4:58  SCV  
  63  4:59  SCV  
  65  5:05  Supply Depot  
  65  5:07  Marine x2  
  65  5:12  Barracks  
  65  5:13  Barracks  
  67  5:22  SCV x2  
  65  5:32  Starport Reactor  
  65  5:33  Marine x2  
  65  5:34  Factory Tech Lab, SCV x2  
  64  5:38  Engineering Bay x2  
  64  5:39  Refinery  
  64  5:40  Refinery, Supply Depot  
  64  5:51  Marine x2, SCV x2  
  68  5:57  Orbital Command  
  61  6:04  SCV  
  61  6:05  SCV  
  61  6:08  Marine  
  61  6:09  Marine  
  61  6:11  Siege Tank  
  65  6:14  Medivac x2  
  69  6:19  Stimpack  
  69  6:26  Marine  
  69  6:28  SCV x2  
  69  6:30  Marine x3  
  69  6:31  Combat Shield  
  75  6:34  Orbital Command  
  75  6:40  SCV  
  75  6:43  SCV  
  77  6:47  Marine  
  77  6:48  Marine  
  77  6:49  Terran Infantry Weapons Level 1  
  77  6:50  Armory, Terran Infantry Armor Level 1  
  77  6:52  SCV  
  77  6:53  Supply Depot  
  80  6:56  SCV  
  80  6:59  Marauder  
  84  7:01  SCV  
  84  7:04  SCV  
  85  7:08  Supply Depot  
  85  7:09  Supply Depot  
  85  7:11  Marine  
  85  7:12  Marine x2  
  88  7:18  Barracks, Factory  
  88  7:19  Barracks  
  88  7:22  Siege Tank  
  91  7:25  Marine  
  91  7:26  Starport Reactor  
  91  7:28  SCV x2  
  91  7:29  Marine  
  95  7:30  SCV  
  95  7:33  Refinery  
  96  7:40  SCV  
  96  7:41  Supply Depot, SCV  
  96  7:42  SCV  
  99  7:46  Marine x2  
  99  7:47  Marine  
  99  7:51  Terran Vehicle Weapons Level 1  
  102  7:52  Supply Depot  
  102  7:53  SCV x2  
  102  7:55  Marine  
  102  7:56  Concussive Shells  
  105  8:04  Marine x2, Medivac x2  
  105  8:05  Factory Tech Lab  
  111  8:08  SCV x2  
  111  8:10  Factory Tech Lab  
  111  8:11  Refinery  
  113  8:13  Supply Depot  
  113  8:14  Marine, Supply Depot  
  113  8:17  Barracks Reactor, Barracks Tech Lab  
  114  8:22  Supply Depot x2  
  114  8:23  Marine x3  
  114  8:26  SCV x2  
  119  8:29  Supply Depot  
  119  8:33  Unknown  
  119  8:34  Medivac x2  
  119  8:36  Supply Depot  
  123  8:47  Marine x4  
  120  8:48  Siege Tank x2  
  120  8:53  Command Center  
  124  8:56  Marine x3  
  127  9:09  Unknown  
  102  9:10  Marine x4  
  102  9:13  Supply Depot  
  102  9:14  Marine x2  
  108  9:18  Supply Depot  
  108  9:23  Marine  
  109  9:24  Siege Tank  
  109  9:25  Siege Tank  
  109  9:26  Medivac x2  
  109  9:28  Marine x2  
  121  9:31  Marine x2  
  121  9:32  Marine x2  
  121  9:33  Terran Infantry Armor Level 2, Terran Infantry Weapons Level 2  
  125  9:41  Marine  
  125  9:43  Ghost Academy  
  126  9:46  Marine  
  126  9:49  Marine x2  
  126  9:50  Marine x2  
  131  9:59  Marine x2, Siege Tank  
  139  10:00  Siege Tank, Medivac  
  139  10:01  Medivac  
  143  10:11  Sensor Tower  
  143  10:12  Engineering Bay  
  143  10:15  Engineering Bay  
  143  10:22  Personal Cloaking  
  143  10:26  Ghost Academy  
  143  10:27  Marine x2, Supply Depot  
  145  10:28  Supply Depot  
  145  10:29  Marine  
  145  10:30  Supply Depot  
  145  10:35  Terran Vehicle Weapons Level 2  
  145  10:45  Marine x4  
  145  10:46  Marine  
  150  10:53  Unknown, Sensor Tower  
  150  10:54  Hi-Sec Auto Tracking  
  150  10:57  Marine x2  
  150  11:03  Marine x2  
  154  11:05  Thor  
  151  11:19  Ghost x3  
  148  11:34  Marine x4  
  148  11:38  Barracks  
  152  11:40  Barracks  
  152  11:41  Barracks  
  152  11:43  Starport  
  152  11:44  Starport  
  152  11:46  Siege Tank  
  155  11:48  Marine x2, Siege Tank  
  155  11:53  Marine x2  
  155  11:54  Marine, Ghost  
  161  11:55  Marine  
  158  12:06  Marine x2  
  160  12:11  Marine, SCV x2  
  160  12:12  Marine  
  161  12:23  Ghost, Thor  
  161  12:24  Starport Reactor  
  161  12:26  Starport Tech Lab  
  168  12:30  Planetary Fortress  
  168  12:38  Marine x2  
  168  12:39  Medivac x2  
  174  12:46  Marine x2  
  176  13:03  Marine x2  
  176  13:04  Marine x4  
  182  13:05  Thor  
  182  13:06  Thor  
  182  13:07  Viking  
  182  13:10  Marine x2  
  195  13:13  Ghost  
  195  13:19  Refinery x2  
  194  13:33  Marine x2  
  194  13:34  Marine  
  182  13:39  Marine x2  
  182  13:40  Marine x2  
  167  13:44  Marine x3  
  166  13:49  Viking x3  
  170  14:01  Ghost  
  170  14:02  Ghost x2  
  176  14:04  Viking x2  
  179  14:19  Viking x2  
  179  14:23  Viking  
  183  14:30  Ghost x2  
  185  14:34  Marine  
  185  14:35  Marine x2  
  188  14:44  Terran Infantry Armor Level 3  
  186  14:49  Marine x3  
  178  14:58  Marine  
  178  14:59  Marine x2  
  165  15:01  Marine x2  
  165  15:04  Ghost x2  
  171  15:07  Nuke  
  171  15:17  Marine x2  
  171  15:18  Marine  
  171  15:19  Ghost  
  174  15:22  Command Center  
  174  15:29  Marine x2  
  174  15:31  Medivac  
  174  15:32  Medivac  
  180  15:36  Ghost  
  180  15:42  Sensor Tower  
  182  15:46  Ghost  
  182  15:48  Marine x3  
  187  15:56  Ghost  
  189  16:06  Marine x3  
  189  16:10  Supply Depot  
  192  16:12  Siege Tank  
  160  16:56  Marine x4  
  160  16:57  Marine x4  
  160  16:58  Ghost x2  
  167  17:01  Thor  
  167  17:07  Terran Ship Weapons Level 1  
  172  17:15  Ghost  
  174  17:24  Marine x3  
  174  17:27  Planetary Fortress, Ghost  
  179  17:31  Refinery  
  179  17:33  Ghost  
  181  17:37  Medivac  
  181  17:39  Command Center  
  183  17:44  Medivac  
  183  17:51  Nuke  
  185  18:04  Medivac x2  
  189  18:10  Nuke  
  177  18:29  Command Center  
  177  18:33  Medivac x2  
  173  18:42  Refinery  
  173  18:43  Refinery  
  173  18:56  Sensor Tower  
  173  19:02  Marine x3  
  173  19:03  Marine x6  
  173  19:08  Viking x4  
  173  19:09  Viking  
  190  19:17  Ghost  
  190  19:20  Marine x2  
  190  19:21  Ghost  
  196  19:28  Planetary Fortress  
  196  19:38  Viking x2  
  198  19:48  Barracks Reactor x2, Barracks Tech Lab  
  194  20:01  Viking x3  
  194  20:03  Terran Ship Weapons Level 2  
  200  20:26  Nuke x2  
  200  20:40  Missile Turret  
  200  20:41  Missile Turret x2  
  200  20:42  Missile Turret x2  
  199  21:02  Viking  
  191  21:12  Viking x2  
  191  21:13  Viking x2  
  180  21:31  Liberator x3, Ghost x2  
  180  21:32  Marine x3, Liberator  
  179  21:41  Ghost x2  
  179  21:42  Marine x3  
  186  21:51  Missile Turret  
  198  22:00  Marine x2  
  200  22:05  Refinery  
  200  22:06  Refinery  
  196  22:16  Unknown x2  
  196  22:17  Unknown  
  175  22:34  Marine x7  
  175  22:35  Marine x5  
  153  22:52  Marine x4, Ghost x4  
  153  22:53  Marine x4  
  153  22:54  Medivac  
  161  23:08  Thor  
  161  23:10  Marine x4  
  161  23:11  Marine x4  
  172  23:21  Marine, Ghost x3  
  170  23:28  Marine x5  
  170  23:29  Marine x2  
  170  23:31  Thor  
  170  23:32  Viking x2  
  187  23:42  Sensor Tower  
  187  23:49  Sensor Tower  
  187  23:57  Planetary Fortress  
  187  24:11  Nuke x2  
  187  24:29  Viking x3  
  187  24:30  Viking  
  195  24:35  Viking  
  197  24:39  Command Center  
  197  24:59  Viking  
  179  25:30  Marine x4  
  179  25:31  Marine x8  
  185  25:45  Liberator x3  
  185  25:48  Marine x5  
  185  25:49  Marine  
  155  25:58  Marine  
  155  25:59  Marine x5  
  155  26:00  Thor x2  
  169  26:06  Marine x6  
  164  26:25  Ghost x3  
  162  26:43  Thor  
  162  26:45  Marine  
  162  26:46  Marine x2  
  171  26:53  Command Center  
  171  27:03  Planetary Fortress  
  171  27:15  Marine x4  
  175  27:20  Marine x2  
  175  27:21  Marine x2, Ghost  
  181  27:23  Ghost  
  183  27:43  Marine x3  
  183  27:44  Marine x4  
  181  28:01  Ghost x3  
  187  28:10  Marine x4  
  190  28:17  Sensor Tower  
  189  28:20  Planetary Fortress  
  189  28:25  Marine x2  
  189  28:26  Marine  
  178  28:58  Marine  
  178  28:59  Marine x11  
  148  29:13  Thor x2  
  148  29:16  Marine  
  148  29:17  Marine x6  
  159  29:21  Marine x2  
  159  29:22  Marine  
  159  29:23  Medivac x4  
  172  29:30  Missile Turret  
  172  29:31  Marine x2, Missile Turret  
  172  29:34  Marine  
  173  29:56  Siege Tank x2  
  173  29:58  Marine x4  
  173  29:59  Marine x2  
  179  30:00  Marine  
  181  30:11  Marine x3  
  181  30:12  Marine  
  185  30:15  Ghost  
  187  30:29  Ghost  
  138  30:43  Siege Tank x2  
  138  30:45  Marine x3  
  127  31:11  Ghost x2  
  124  31:19  Marine x4  
  125  31:30  Orbital Command  
  120  31:39  Ghost  
  118  31:44  Marine x3  
  120  32:01  Viking  
  114  32:10  Ghost  
  112  32:25  Marine x2, Ghost x2  
  118  32:34  Marine x3  
  121  32:37  Refinery  
  121  32:38  Refinery  
  121  32:41  Ghost  
  123  33:11  Viking x3  
  129  33:34  Ghost  
  131  33:42  Marine x3  
  131  33:43  Marine x7  
  131  33:44  Marine  
  141  34:03  Orbital Command  
  141  34:04  Viking x5  
  142  34:31  Missile Turret  
  142  34:34  Viking  
  144  34:49  Viking x2  
  144  34:50  Viking  
  150  34:59  Marine  
  151  35:00  Marine x2  
  153  35:27  Sensor Tower, Viking  
  155  35:56  Thor  
  161  36:10  Viking  
  148  37:13  Thor  
  91  37:44  Marine  
  91  37:45  Marine x3  
Show
View Real Time Build Order
Export as new Build Order

Livibee Zerg - Winner!

Build Orders: Hatch First 

Get SALT Encoding   

  12  0:01  Drone  
  13  0:08  Drone  
  14  0:26  Overlord  
  14  0:29  Extractor  
  14  0:31  Drone  
  15  0:49  Drone x3  
  18  0:56  Hatchery  
  17  1:02  Drone  
  18  1:13  Spawning Pool  
  18  1:16  Extractor  
  16  1:19  Drone  
  16  1:21  Drone  
  18  1:32  Drone  
  19  2:03  Queen  
  19  2:05  Zergling x2  
  22  2:08  Queen  
  22  2:09  Zergling x2  
  25  2:17  Drone  
  25  2:19  Metabolic Boost  
  26  2:28  Drone x2  
  27  2:40  Overlord  
  27  2:54  Overlord  
  27  2:57  Queen x2  
  31  3:01  Drone  
  31  3:02  Overlord  
  32  3:06  Drone  
  32  3:07  Drone x2  
  32  3:12  Drone  
  36  3:24  Zergling x2  
  37  3:40  Drone x2  
  37  3:41  Drone  
  40  3:42  Drone x4  
  44  3:50  Hatchery  
  43  4:00  Drone x2  
  45  4:03  Zergling x6  
  45  4:06  Drone x3  
  45  4:07  Extractor  
  49  4:10  Roach Warren  
  49  4:13  Drone x2  
  50  4:24  Zergling x2  
  51  4:25  Overlord x2  
  51  4:39  Overlord  
  51  4:48  Lair  
  51  4:50  Roach x6  
  63  5:02  Queen  
  63  5:05  Overlord  
  63  5:06  Drone x4  
  63  5:07  Drone x2  
  71  5:21  Drone x3  
  71  5:22  Drone  
  71  5:24  Drone x2  
  71  5:26  Drone  
  71  5:28  Drone  
  79  5:35  Spore Crawler  
  79  5:36  Spore Crawler  
  79  5:37  Spore Crawler  
  76  5:44  Drone x2  
  76  5:52  Drone x5  
  78  5:59  Overseer  
  69  6:23  Drone x4  
  69  6:24  Drone x6  
  69  6:25  Drone x3  
  81  6:34  Baneling Nest, Evolution Chamber, Drone x4  
  81  6:36  Evolution Chamber, Drone  
  81  6:39  Overseer  
  83  6:40  Hatchery  
  83  6:42  Extractor  
  83  6:43  Extractor  
  83  6:44  Extractor, Drone x2  
  83  6:46  Extractor  
  80  7:04  Zerg Ground Armor Level 1  
  80  7:05  Zerg Melee Weapons Level 1, Drone  
  80  7:06  Drone x3  
  80  7:07  Drone  
  84  7:16  Drone  
  84  7:17  Centrifical Hooks  
  84  7:18  Hydralisk Den, Drone x5  
  89  7:26  Overlord  
  89  7:27  Overlord x4  
  89  7:28  Overlord  
  89  7:39  Overlord  
  89  7:40  Overlord x2  
  89  7:42  Overlord  
  89  7:45  Drone  
  90  7:51  Grooved Spines  
  90  7:52  Drone  
  90  7:53  Drone x7  
  98  7:58  Baneling  
  98  7:59  Baneling x7  
  98  8:02  Extractor  
  98  8:03  Extractor  
  98  8:04  Overseer  
  96  8:06  Hydralisk x7  
  96  8:08  Zergling x2  
  96  8:09  Zergling x4  
  113  8:14  Zergling x4  
  115  8:23  Zergling x16  
  123  8:27  Hydralisk x2  
  123  8:29  Baneling x6  
  123  8:32  Infestation Pit, Drone  
  127  8:36  Zergling x10  
  127  8:38  Baneling x3  
  127  8:40  Zergling x6  
  127  8:41  Zergling x2  
  136  8:46  Zergling x2  
  129  8:48  Baneling x5  
  129  8:49  Baneling x7  
  129  8:51  Zergling x16  
  120  9:13  Pathogen Glands  
  120  9:14  Hive  
  120  9:15  Spire  
  119  9:20  Drone  
  119  9:21  Drone x5  
  119  9:23  Drone x3  
  128  9:25  Zergling x16, Hatchery  
  135  9:36  Zerg Ground Armor Level 2, Muscular Augments  
  135  9:37  Zerg Melee Weapons Level 2  
  135  9:38  Overlord x3  
  135  9:39  Overlord  
  135  9:48  Spore Crawler, Spine Crawler  
  133  9:54  Overlord x2  
  133  9:56  Extractor  
  133  9:59  Extractor  
  131  10:05  Infestor x2  
  131  10:06  Infestor x4  
  143  10:10  Overseer x2  
  143  10:14  Pneumatized Carapace  
  143  10:21  Spore Crawler  
  142  10:22  Spore Crawler, Overseer  
  142  10:27  Greater Spire  
  141  10:33  Drone  
  142  10:37  Drone x2  
  142  10:38  Drone x3  
  142  10:39  Adrenal Glands  
  147  10:56  Burrow  
  147  10:57  Corruptor  
  147  10:58  Corruptor x4  
  147  11:00  Baneling  
  147  11:01  Baneling x3  
  157  11:12  Zergling x10  
  157  11:13  Zergling x40  
  180  11:28  Overlord  
  180  11:44  Brood Lord x5  
  190  11:49  Corruptor x3  
  190  11:50  Corruptor x2  
  184  12:03  Drone x4  
  187  12:10  Drone x3  
  190  12:19  Hatchery  
  190  12:20  Extractor  
  190  12:22  Extractor  
  187  12:29  Baneling x9  
  187  12:31  Corruptor x2  
  187  12:32  Corruptor  
  187  12:34  Brood Lord x3  
  199  12:42  Overlord x3  
  199  12:43  Drone x2  
  199  12:44  Drone x2  
  189  13:44  Drone x6  
  189  13:46  Hatchery  
  189  13:47  Corruptor x2  
  198  14:02  Zerg Flyer Weapons Level 1  
  198  14:03  Zerg Ground Armor Level 3, Zerg Melee Weapons Level 3  
  198  14:15  Infestor x4  
  198  14:16  Infestor x2  
  192  14:31  Baneling x4  
  192  14:37  Hydralisk x3  
  192  14:38  Hydralisk  
  171  14:51  Drone  
  171  14:52  Drone x4  
  167  14:55  Spore Crawler  
  167  14:56  Spine Crawler  
  162  15:02  Corruptor x8  
  178  15:09  Brood Lord x2  
  178  15:10  Brood Lord x2  
  186  15:30  Drone x4  
  186  15:31  Drone  
  191  15:51  Brood Lord x4  
  191  15:54  Neural Parasite  
  191  15:56  Zerg Flyer Armor Level 1  
  198  16:02  Zergling x2  
  199  16:07  Overseer  
  199  16:10  Baneling  
  199  16:11  Baneling x5  
  199  16:22  Overseer  
  199  16:23  Overseer x3  
  195  16:41  Hatchery  
  113  17:04  Infestor  
  113  17:05  Infestor x2  
  113  17:07  Corruptor x7  
  113  17:08  Corruptor x3  
  133  17:10  Hydralisk x2  
  133  17:11  Queen x3  
  133  17:12  Queen  
  141  17:25  Zergling x2  
  141  17:26  Zergling x8  
  146  17:37  Hydralisk x2  
  146  17:38  Hydralisk x5  
  146  17:40  Zergling x6  
  165  17:46  Baneling x6  
  165  17:47  Baneling x4  
  165  17:50  Zerg Flyer Weapons Level 2  
  165  17:54  Overseer  
  158  17:59  Brood Lord x6  
  158  18:00  Corruptor  
  158  18:01  Corruptor x8  
  188  18:12  Spore Crawler, Spine Crawler  
  186  18:13  Spore Crawler, Spine Crawler x2  
  186  18:14  Corruptor  
  186  18:15  Corruptor x4  
  190  18:38  Queen x3  
  196  18:42  Hatchery  
  196  18:45  Zergling x2  
  196  18:55  Overlord x5  
  188  19:01  Extractor  
  187  19:04  Baneling  
  187  19:05  Baneling x3  
  187  19:06  Zergling x2  
  187  19:08  Overlord x2  
  187  19:09  Overlord x2, Overseer x2  
  188  19:13  Overlord x2, Queen x3  
  188  19:14  Drone  
  188  19:15  Drone x5  
  199  19:42  Spore Crawler, Spine Crawler  
  185  20:01  Brood Lord x4  
  185  20:02  Brood Lord  
  185  20:03  Corruptor x2  
  185  20:06  Zerg Flyer Armor Level 2  
  199  20:11  Overlord  
  199  20:14  Zerg Missile Weapons Level 1  
  199  20:18  Hatchery  
  198  20:49  Corruptor  
  196  20:50  Corruptor  
  196  20:54  Corruptor x3  
  194  21:01  Corruptor x2  
  194  21:02  Corruptor x2  
  186  21:11  Corruptor  
  167  21:32  Queen x4  
  163  21:35  Infestor x3  
  163  21:36  Infestor  
  163  21:38  Baneling  
  177  21:40  Zergling x24  
  177  21:45  Brood Lord x3  
  195  21:48  Zergling x2  
  192  22:02  Baneling x8  
  192  22:08  Hydralisk x3  
  194  22:17  Extractor  
  194  22:21  Extractor  
  194  22:22  Zerg Flyer Weapons Level 3  
  156  22:31  Infestor x2  
  150  22:37  Corruptor  
  150  22:38  Corruptor x10  
  150  22:43  Queen x4  
  150  22:44  Queen  
  154  22:56  Infestor  
  140  23:06  Hydralisk x2  
  140  23:07  Hydralisk x3  
  146  23:33  Drone x3  
  149  23:35  Brood Lord  
  149  23:36  Brood Lord  
  153  23:46  Brood Lord  
  157  23:48  Brood Lord  
  157  23:52  Zergling x20  
  157  23:53  Zergling x22  
  178  24:07  Corruptor x2  
  178  24:09  Brood Lord  
  184  24:13  Baneling x4  
  184  24:15  Overseer  
  184  24:22  Baneling x5  
  184  24:23  Baneling  
  184  24:24  Baneling  
  184  24:29  Queen x3  
  184  24:30  Queen  
  192  24:37  Brood Lord  
  194  24:38  Corruptor  
  194  24:40  Hatchery  
  195  24:56  Baneling  
  195  24:57  Baneling x3  
  195  24:59  Zerg Flyer Armor Level 3  
  107  26:05  Zergling x18  
  107  26:06  Zergling x14  
  107  26:10  Hydralisk x6  
  107  26:11  Hydralisk x8  
  145  26:20  Infestor  
  145  26:21  Infestor x6  
  145  26:27  Corruptor  
  145  26:28  Corruptor x6  
  145  26:31  Baneling x3  
  159  26:33  Hatchery  
  158  26:40  Extractor  
  157  26:55  Baneling x10  
  157  27:05  Extractor x2  
  155  27:25  Drone  
  155  27:33  Brood Lord x2  
  149  28:22  Spine Crawler  
  146  28:29  Corruptor x2  
  109  29:07  Hydralisk x7  
  109  29:09  Zergling x28  
  125  29:10  Zergling x6  
  125  29:19  Hatchery  
  119  29:40  Baneling x7  
  119  29:41  Corruptor  
  118  29:55  Infestor x7  
  118  30:17  Baneling x3  
  118  30:24  Hatchery  
  73  30:57  Zergling x2  
  73  30:58  Zergling x28  
  73  30:59  Queen x4  
  73  31:00  Queen  
  98  31:24  Hatchery  
  96  31:35  Hatchery  
  92  32:22  Baneling  
  90  32:36  Drone x6  
  96  32:48  Baneling x2  
  88  33:11  Drone x2  
  90  33:23  Overseer  
  90  33:26  Drone x2  
  92  33:28  Drone  
  93  33:46  Infestor x7  
  93  33:54  Drone x2  
  93  33:55  Drone x4  
  97  34:28  Extractor  
  96  34:47  Baneling x6  
  96  34:53  Brood Lord x3  
  96  34:57  Queen x2  
  96  34:59  Zergling x2  
  107  35:09  Hydralisk x2  
  111  35:22  Overseer  
  111  35:28  Corruptor  
  113  36:20  Ultralisk Cavern  
  112  36:37  Hatchery  
  111  36:42  Corruptor x2  
  79  37:43  Hydralisk x2  
  79  37:44  Hydralisk x6  
  59  37:45  Zergling x2  
  59  37:46  Zergling x34  
  79  38:36  Drone x15  
  55  38:45  Hydralisk x2  
  54  38:49  Zergling x2  
  54  38:50  Zergling x4  
  57  39:11  Extractor x2  
  53  39:19  Zergling x4  
  55  39:25  Overseer  
  55  39:29  Zergling x4  
Tags
 
Add a new tag
Caveats
  • Supply blocks, unpowered buildings, or Contaminate may cause inaccurate times.
  • Supply counts are checked every 10 seconds.